General information
- name: BNet
- type: Ladder team game (AT/RT)
- host: Battle.net
- saver: HERNaNDO
map: Dragonblight
- players: 6
- length: 43:24
- speed: Fast
- version: 1.21 W3XP
- replay type: Public
» download(291 KB)
Players
team 1 (loser)

»
Godziilllaa (
green | 113 APM | 2009 actions | 17:45)
3 Far Seer
2 Feral Spirit
1 Chain Lighting
2 Shadow Hunter
1 Hex
1 Serpent Ward
» actions
| Assign group hotkey | 46 | |
| Build / train | 55 | |
| ESC pressed | 3 | |
| Enter build submenu | 13 | |
| Enter hero's abilities submenu | 5 | |
| Right click | 918 | |
| Select / deselect | 479 | |
| Select group hotkey | 426 | |
| Use ability | 64 | |
2009 total
» units
| Peon | 6 | |
| Grunt | 10 | |
| Troll Witch Doctor | 10 | |
| Demolisher | 1 | |
| Tauren | 4 | |
| Spirit Walker | 2 | |
33 total
» upgrades
| Witch Doctor Training | 2 | |
| Pulverize | 1 | |
3 total
» buildings
| Altar of Storms | 1 | |
| Orc Burrow | 6 | |
| Barracks | 1 | |
| Voodoo Lounge | 1 | |
| Stronghold | 2 | |
| Spirit Lodge | 1 | |
| War Mill | 1 | |
| Fortress | 1 | |
| Tauren Totem | 1 | |
15 total
» build order
00:07 Altar of Storms
00:21 Orc Burrow
00:38 Barracks
01:34 Orc Burrow
02:18 Voodoo Lounge
03:13 Stronghold
03:14 Stronghold
06:24 Spirit Lodge
08:31 War Mill
08:40 Orc Burrow
09:07 Fortress
11:39 Tauren Totem
13:25 Orc Burrow
14:31 Orc Burrow
17:27 Orc Burrow
» items
| Healing Salve | 3 | |
| Lesser Clarity Potion | 3 | |
| Scroll of Speed | 2 | |
| Scroll of Town Portal | 1 | |
9 total

»
Nazgrul (
blue | 122 APM | 5290 actions | 43:20)
5 Archmage
3 Summon Water Elemental
2 Brilliance Aura
2 Mountain King
1 Storm Bolt
1 Thunder Clap
2 Shadow Hunter
1 Hex
1 Healing Wave
» actions
| Assign group hotkey | 55 | |
| Basic commands | 162 | |
| Build / train | 73 | |
| ESC pressed | 6 | |
| Enter build submenu | 35 | |
| Enter hero's abilities submenu | 9 | |
| Give item / drop item | 1 | |
| Right click | 2086 | |
| Select / deselect | 930 | |
| Select group hotkey | 1730 | |
| Use ability | 203 | |
5290 total
» units
| Peasant | 10 | |
| Footman | 15 | |
| Gryphon Rider | 7 | |
| Dragonhawk Rider | 1 | |
33 total
» upgrades
| Defend | 1 | |
| Storm Hammers | 1 | |
| Swords | 1 | |
| Animal War Training | 1 | |
| Armor | 1 | |
5 total
» buildings
| Altar of Kings | 1 | |
| Farm | 7 | |
| Barracks | 2 | |
| Arcane Vault | 2 | |
| Lumber Mill | 1 | |
| Scout Tower | 13 | |
| Arcane Tower | 1 | |
| Guard Tower | 8 | |
| Keep | 1 | |
| Blacksmith | 1 | |
| Gryphon Aviary | 2 | |
| Castle | 1 | |
40 total
» build order
00:06 Altar of Kings
00:20 Farm
00:36 Barracks
00:52 Farm
01:43 Arcane Vault
02:08 Farm
03:15 Barracks
03:19 Farm
03:24 Lumber Mill
03:44 Scout Tower
04:28 Arcane Tower
04:30 Scout Tower
06:04 Farm
06:05 Guard Tower
07:24 Keep
07:40 Blacksmith
10:11 Scout Tower
10:13 Scout Tower
10:24 Scout Tower
10:42 Scout Tower
10:43 Guard Tower
11:16 Guard Tower
11:26 Scout Tower
11:50 Guard Tower
11:53 Scout Tower
12:10 Gryphon Aviary
12:11 Gryphon Aviary
12:13 Castle
12:17 Guard Tower
12:23 Scout Tower
12:53 Guard Tower
13:11 Scout Tower
13:46 Guard Tower
13:48 Arcane Vault
14:56 Scout Tower
15:30 Scout Tower
15:31 Scout Tower
15:52 Guard Tower
18:05 Farm
20:56 Farm
» items
| Scroll of Regeneration | 4 | |
| Lesser Clarity Potion | 2 | |
| Potion of Healing | 4 | |
| Scroll of Town Portal | 2 | |
| Orb of Lightning | 1 | |
13 total
PaintballYO (
yellow | 114 APM | 4936 actions | 43:23)
5 Archmage
3 Summon Water Elemental
2 Brilliance Aura
1 Shadow Hunter
1 Healing Wave
» actions
| Assign group hotkey | 61 | |
| Basic commands | 238 | |
| Build / train | 77 | |
| Enter build submenu | 23 | |
| Enter hero's abilities submenu | 7 | |
| Give item / drop item | 1 | |
| Remove unit from queue | 2 | |
| Right click | 2426 | |
| Select / deselect | 867 | |
| Select group hotkey | 1155 | |
| Use ability | 79 | |
4936 total
» units
| Peasant | 9 | |
| Footman | 8 | |
| Rifleman | 11 | |
| Mortar Team | 11 | |
| Priest | 7 | |
46 total
» upgrades
| Defend | 1 | |
| Gunpowder | 1 | |
| Long Rifles | 1 | |
| Armor | 3 | |
| Lumber Harvesting | 1 | |
| Flare | 1 | |
| Priest Training | 1 | |
| Fragmentation Shards | 1 | |
10 total
» buildings
| Altar of Kings | 1 | |
| Farm | 11 | |
| Barracks | 1 | |
| Lumber Mill | 3 | |
| Blacksmith | 1 | |
| Scout Tower | 2 | |
| Arcane Vault | 1 | |
| Guard Tower | 2 | |
| Keep | 1 | |
| Arcane Tower | 1 | |
| Workshop | 1 | |
| Arcane Sanctum | 1 | |
| Castle | 1 | |
| Town Hall | 1 | |
28 total
» build order
00:04 Altar of Kings
00:06 Farm
00:25 Barracks
01:04 Farm
01:19 Lumber Mill
01:49 Farm
01:52 Lumber Mill
02:02 Lumber Mill
02:33 Blacksmith
02:47 Farm
03:54 Scout Tower
04:02 Arcane Vault
04:25 Guard Tower
04:28 Farm
04:29 Farm
05:04 Keep
05:20 Scout Tower
05:50 Arcane Tower
05:52 Farm
07:30 Workshop
10:10 Guard Tower
12:13 Arcane Sanctum
14:34 Farm
14:35 Farm
16:20 Farm
16:21 Farm
18:39 Castle
29:06 Town Hall
» items
| Ivory Tower | 3 | |
| Potion of Healing | 1 | |
| Scroll of Regeneration | 2 | |
| Scroll of Town Portal | 1 | |
7 total
team 2 (winner)
GOKUMaN69 (
red | 66 APM | 2863 actions | 43:23)
8 Blademaster
3 Wind Walk
3 Critical Strike
1 Bladestorm
1 Mirror Image
» actions
| Assign group hotkey | 1 | |
| Build / train | 73 | |
| Enter build submenu | 65 | |
| Enter hero's abilities submenu | 8 | |
| Remove unit from queue | 5 | |
| Right click | 1848 | |
| Select / deselect | 583 | |
| Use ability | 280 | |
2863 total
» units
| Peon | 11 | |
| Wind Rider | 5 | |
| Troll Batrider | 5 | |
21 total
» upgrades
| Spiked Barricades | 1 | |
| Envenomed Spears | 1 | |
| Reinforced Defenses | 0 | |
2 total
» buildings
| Altar of Storms | 2 | |
| Orc Burrow | 13 | |
| War Mill | 1 | |
| Voodoo Lounge | 3 | |
| Watch Tower | 34 | |
| Stronghold | 1 | |
| Beastiary | 4 | |
| Fortress | 2 | |
60 total
» build order
00:08 Altar of Storms
00:30 Orc Burrow
00:43 War Mill
01:47 Voodoo Lounge
02:00 Watch Tower
02:05 Watch Tower
02:24 Watch Tower
03:00 Watch Tower
04:26 Watch Tower
04:28 Watch Tower
05:03 Watch Tower
06:33 Watch Tower
06:34 Watch Tower
07:13 Watch Tower
07:33 Stronghold
07:45 Watch Tower
08:50 Watch Tower
08:53 Watch Tower
09:00 Watch Tower
09:06 Watch Tower
09:07 Watch Tower
09:09 Watch Tower
09:25 Watch Tower
09:34 Watch Tower
11:06 Watch Tower
11:07 Watch Tower
11:17 Watch Tower
11:27 Watch Tower
12:20 Beastiary
12:21 Beastiary
13:40 Watch Tower
13:41 Watch Tower
14:23 Watch Tower
15:48 Fortress
16:14 Orc Burrow
16:14 Orc Burrow
16:15 Orc Burrow
16:17 Watch Tower
16:18 Watch Tower
16:53 Orc Burrow
17:10 Orc Burrow
17:44 Voodoo Lounge
19:28 Watch Tower
19:31 Watch Tower
19:33 Watch Tower
19:34 Watch Tower
23:47 Watch Tower
23:48 Watch Tower
25:03 Beastiary
25:04 Beastiary
27:45 Orc Burrow
28:31 Orc Burrow
28:32 Orc Burrow
32:35 Orc Burrow
32:36 Orc Burrow
36:37 Altar of Storms
36:38 Orc Burrow
36:51 Voodoo Lounge
38:01 Orc Burrow
» items
| Healing Salve | 4 | |
| Lesser Clarity Potion | 12 | |
| Potion of Healing | 4 | |
| Potion of Mana | 4 | |
| Orb of Lightning | 1 | |
| Scroll of Town Portal | 3 | |
| Scroll of Regeneration | 2 | |
30 total
HERNaNDO (
pink | 47 APM | 2037 actions | 43:24)
3 Archmage
2 Blizzard
1 Brilliance Aura
2 Blood Mage
1 Flame Strike
1 Siphon Mana
» actions
| Assign group hotkey | 7 | |
| Basic commands | 11 | |
| Build / train | 112 | |
| ESC pressed | 3 | |
| Enter build submenu | 88 | |
| Enter hero's abilities submenu | 5 | |
| Remove unit from queue | 4 | |
| Right click | 1008 | |
| Select / deselect | 574 | |
| Select group hotkey | 6 | |
| Use ability | 219 | |
2037 total
» units
| Peasant | 21 | |
| Priest | 6 | |
| Dragonhawk Rider | 4 | |
| Mortar Team | 3 | |
34 total
» upgrades
| Magic Sentry | 1 | |
| Masonry | 2 | |
| Lumber Harvesting | 1 | |
| Swords | 1 | |
| Armor | 1 | |
6 total
» buildings
| Altar of Kings | 3 | |
| Farm | 12 | |
| Lumber Mill | 2 | |
| Scout Tower | 83 | |
| Arcane Tower | 3 | |
| Guard Tower | 38 | |
| Keep | 2 | |
| Arcane Sanctum | 2 | |
| Blacksmith | 2 | |
| Town Hall | 1 | |
| Arcane Vault | 2 | |
| Workshop | 1 | |
| Gryphon Aviary | 2 | |
| Barracks | 1 | |
154 total
» build order
00:07 Altar of Kings
00:19 Farm
00:19 Farm
00:34 Lumber Mill
00:37 Farm
01:45 Scout Tower
01:54 Scout Tower
02:10 Scout Tower
02:19 Scout Tower
02:23 Arcane Tower
02:29 Arcane Tower
02:30 Scout Tower
02:33 Scout Tower
02:44 Arcane Tower
02:46 Scout Tower
02:52 Scout Tower
02:58 Guard Tower
03:06 Scout Tower
03:07 Scout Tower
03:08 Scout Tower
03:09 Scout Tower
03:12 Guard Tower
03:18 Guard Tower
03:23 Scout Tower
03:24 Scout Tower
03:28 Scout Tower
03:28 Scout Tower
04:13 Guard Tower
04:13 Guard Tower
04:37 Guard Tower
04:38 Scout Tower
04:41 Scout Tower
04:42 Scout Tower
06:02 Guard Tower
06:14 Guard Tower
07:03 Guard Tower
07:04 Scout Tower
07:05 Scout Tower
07:06 Scout Tower
07:07 Scout Tower
07:09 Scout Tower
07:10 Scout Tower
07:27 Scout Tower
08:00 Guard Tower
08:04 Scout Tower
08:05 Scout Tower
08:43 Guard Tower
08:57 Keep
08:59 Scout Tower
09:00 Scout Tower
09:08 Scout Tower
09:09 Scout Tower
09:11 Scout Tower
09:12 Scout Tower
09:12 Scout Tower
09:13 Scout Tower
09:18 Scout Tower
09:19 Scout Tower
09:22 Scout Tower
09:22 Guard Tower
09:23 Guard Tower
09:29 Scout Tower
09:31 Scout Tower
10:47 Guard Tower
11:26 Farm
11:31 Scout Tower
11:32 Scout Tower
11:32 Scout Tower
11:33 Scout Tower
11:46 Guard Tower
12:13 Guard Tower
13:04 Arcane Sanctum
13:10 Scout Tower
13:11 Scout Tower
13:12 Scout Tower
13:13 Guard Tower
14:16 Blacksmith
15:23 Scout Tower
15:24 Scout Tower
15:25 Scout Tower
16:16 Town Hall
16:32 Guard Tower
16:47 Guard Tower
17:11 Arcane Vault
17:14 Farm
17:18 Altar of Kings
20:52 Scout Tower
20:53 Scout Tower
20:54 Scout Tower
20:55 Scout Tower
20:57 Scout Tower
20:57 Scout Tower
20:59 Scout Tower
21:00 Scout Tower
21:02 Keep
21:12 Scout Tower
21:14 Scout Tower
21:37 Scout Tower
21:41 Lumber Mill
22:11 Guard Tower
22:18 Farm
22:20 Farm
22:22 Farm
22:27 Guard Tower
22:30 Scout Tower
22:31 Scout Tower
23:12 Guard Tower
23:19 Altar of Kings
23:26 Arcane Vault
24:21 Guard Tower
24:31 Blacksmith
24:49 Scout Tower
24:51 Scout Tower
24:53 Scout Tower
24:54 Scout Tower
24:55 Scout Tower
24:56 Scout Tower
24:57 Scout Tower
24:57 Scout Tower
25:03 Scout Tower
25:04 Scout Tower
25:11 Scout Tower
25:12 Scout Tower
25:29 Guard Tower
25:42 Guard Tower
25:42 Guard Tower
25:43 Guard Tower
26:01 Guard Tower
26:19 Guard Tower
26:30 Guard Tower
26:33 Guard Tower
26:38 Workshop
26:53 Guard Tower
26:55 Scout Tower
26:56 Scout Tower
27:01 Farm
27:28 Gryphon Aviary
27:36 Gryphon Aviary
27:47 Guard Tower
28:06 Barracks
28:43 Farm
28:45 Farm
32:08 Guard Tower
32:13 Guard Tower
35:48 Arcane Sanctum
35:55 Scout Tower
35:56 Scout Tower
36:55 Guard Tower
37:28 Scout Tower
37:29 Scout Tower
37:33 Scout Tower
37:54 Guard Tower
38:19 Farm
38:38 Guard Tower
» items
| Healing Salve | 2 | |
| Potion of Healing | 5 | |
| Potion of Mana | 4 | |
| Staff of Teleportation | 1 | |
| Scroll of Town Portal | 2 | |
| Ivory Tower | 3 | |
| Lesser Clarity Potion | 1 | |
18 total
joltx (
orange | 47 APM | 2054 actions | 43:23)
4 Demon Hunter
2 Mana Burn
2 Evasion
» actions
| Assign group hotkey | 3 | |
| Basic commands | 50 | |
| Build / train | 51 | |
| ESC pressed | 1 | |
| Enter build submenu | 17 | |
| Enter hero's abilities submenu | 4 | |
| Give item / drop item | 1 | |
| Right click | 1452 | |
| Select / deselect | 361 | |
| Select group hotkey | 45 | |
| Use ability | 69 | |
2054 total
» units
| Wisp | 19 | |
| Chimaera | 10 | |
| Hippogryph | 4 | |
33 total
» upgrades
| Ultravision | 1 | |
| Strength of the Wild | 1 | |
| Reinforced Hides | 1 | |
| Corrosive Breath | 1 | |
4 total
» buildings
| Altar of Elders | 2 | |
| Moon Well | 7 | |
| Hunter's Hall | 1 | |
| Tree of Ages | 1 | |
| Tree of Eternity | 1 | |
| Ancient of Wind | 1 | |
| Chimaera Roost | 3 | |
16 total
» build order
00:09 Altar of Elders
00:13 Moon Well
02:23 Moon Well
04:39 Hunter's Hall
06:12 Moon Well
07:55 Tree of Ages
09:12 Moon Well
11:45 Tree of Eternity
11:48 Ancient of Wind
12:24 Moon Well
12:27 Moon Well
14:39 Chimaera Roost
14:42 Chimaera Roost
19:20 Chimaera Roost
23:15 Moon Well
25:20 Altar of Elders
» items
| Scroll of Speed | 1 | |
| Healing Salve | 2 | |
| Potion of Healing | 2 | |
| Scroll of Town Portal | 1 | |
| Orb of Lightning | 1 | |
7 total
Chat log
(00:25 / All) HERNaNDO: i had sex with my stepssister
(00:42 / All) HERNaNDO: pretty hot
(04:08 / All) Godziilllaa: whats with the noob twoers
(04:29 / All) joltx: we arent twoers were threeres
(07:51 / Allies) HERNaNDO: gold
(18:07 / All) HERNaNDO: GO GO GO GODZILLA
(38:53 / All) HERNaNDO: YO